 Dungeon Crawl Stone Soup version 0.23-a0-577-g2b1de94 (console) character file.

56 Duffy the Magician (level 3, -3/28 HPs)
             Began as a Naga Wizard on Dec 14, 2018.
             Slain by a gnoll
             ... wielding a +0 halberd
              (4 damage)
             ... on level 2 of the Dungeon.
             The game lasted 00:01:45 (1289 turns).

Duffy the Magician (Naga Wizard)                    Turns: 1289, Time: 00:01:45

Health: -3/28      AC:  2    Str:  9    XL:     3   Next: 97%
Magic:  0/8        EV: 10    Int: 19    God:
Gold:   49         SH:  0    Dex:  9    Spells: 0/9 levels left

rFire    . . .     SeeInvis +   (no weapon)
rCold    . . .     Gourm    .   (no shield)
rNeg     . . .     Faith    .   a - +0 robe
rPois    +         Spirit   .   b - +0 hat
rElec    .         Reflect  .   (no cloak)
rCorr    .         Harm     .   (no gloves)
MR       .....                  (no barding)
Stlth    ++........             (no amulet)
HPRegen  0.09/turn              (no ring)
MPRegen  0.11/turn              (no ring)

@: short of breath, very slow
A: large, see invisible, deformed body, poison resistance, slowness 2, slow
metabolism 1, spit poison 1, AC +1
a: Spit Poison


You were on level 2 of the Dungeon.
You were hungry.

You visited 1 branch of the dungeon, and saw 2 of its levels.

You collected 49 gold pieces.

Inventory:

Armour
 a - a +0 robe (worn)
 b - a +0 hat (worn)
Scrolls
 c - a scroll of magic mapping {unknown}
 f - 2 scrolls of remove curse {unknown}
 g - a scroll of noise {unknown}
 k - a scroll of identify {unknown}
Potions
 e - a potion of heal wounds {unknown}
 i - a potion of agility {unknown}
 j - a potion of lignification {unknown}
 l - a potion of haste {unknown}
Comestibles
 d - 4 rations


   Skills:
 - Level 1.5 Dodging
 - Level 3.0 Stealth
 + Level 3.8 Spellcasting
 + Level 2.6 Conjurations
   Level 1.0 Summonings
 - Level 1.0 Translocations


You couldn't memorise any spells.
You knew the following spells:

 Your Spells              Type           Power        Failure   Level  Hunger
h - Magic Dart            Conj           ##..         4%          1    None
l - Conjure Flame         Conj/Fire      #.......     24%         3    ###....
o - Mephitic Cloud        Conj/Pois/Air  #.......     28%         3    ###....
B - Blink                 Tloc           N/A          14%         2    ##.....

Your spell library contained the following spells:

 Spells                   Type           Power        Failure   Level  Hunger
 Call Imp                 Summ           #.......     14%         2    ##.....
 Slow                     Hex            #.......     22%         2    ##.....


Dungeon Overview and Level Annotations

Branches:
Dungeon (2/15)

Altars:
Ru


Innate Abilities, Weirdness & Mutations

You cannot wear boots.
Your serpentine skin is tough. (AC +1)
You have supernaturally acute eyesight. (SInv)
Armour fits poorly on your strangely shaped body.
Your system is resistant to poisons. (rPois)
You cover ground very slowly.
You have a slow metabolism.
You can spit poison.


Message History

Aiming: Magic Dart (safe; 4% risk of failure)
Press: ? - help, Shift-Dir - straight line, f/p - gnoll
Aim: a gnoll, wielding a +0 whip (heavily wounded)
The magic dart hits the gnoll.
The gnoll is heavily wounded.
The gnoll hits you with a +0 whip!
Casting: Magic Dart (safe; 4% risk of failure)
Confirm with . or Enter, or press ? or * to list all spells.
Aiming: Magic Dart (safe; 4% risk of failure)
Press: ? - help, Shift-Dir - straight line, f/p - gnoll
Aim: a gnoll, wielding a +0 whip (heavily wounded)
The magic dart hits the gnoll.
The gnoll is almost dead.
The gnoll hits you with a +0 whip.
Press: ? - help, Shift-Dir - straight line, f/p - gnoll
Aim: a gnoll, wielding a +0 whip (almost dead)
The splash of poison misses the gnoll.
You feel slightly more hungry. The gnoll hits you but does no damage.
The gnoll hits you from afar with a +0 halberd.
You die...

#.#### g.g......
#....# .......#
#.'#######'g...!#
#.#...#...#.....#
#.#...#...#.....+
###.......#.....#####
###._g####g........
###.....g.##.########
#.#...#.%@#..#
#.#...#...#..#
#.'#######'..# #....#
#.....# ######
#######


You could see 2 gnolls.

Vanquished Creatures
  An orc wizard (D:2)
  A gnoll (D:2)
  A dart slug (D:1)
  A leopard gecko (D:1)
  A giant cockroach (D:1)
  A goblin (D:1)
  5 hobgoblins
  A kobold (D:1)
  A quokka (D:2)
  2 bats
  2 rats
17 creatures vanquished.

Notes
Turn   | Place    | Note
-------+----------+-------------------------------------------
     0 | D:1      | Duffy the Naga Wizard began the quest for the Orb.
     0 | D:1      | Reached XP level 1. HP: 15/15 MP: 4/4
   196 | D:1      | Reached XP level 2. HP: 9/22 MP: 0/6
   989 | D:2      | Found a sacrificial altar of Ru.
  1062 | D:2      | Reached XP level 3. HP: 14/28 MP: 0/8
  1067 | D:2      | Learned a level 3 spell: Conjure Flame
  1071 | D:2      | Learned a level 3 spell: Mephitic Cloud
  1214 | D:2      | Learned a level 2 spell: Blink
  1287 | D:2      | HP: 1/28 [gnoll/+0 whip (3)]
  1289 | D:2      | Slain by a gnoll

Vault maps used:
D:1:      wander_arrival_lonely_grave, chequers_arboretum, minmay_octomino_j4
D:2:      first_ration, nicolae_ru_great_annihilating_truth, uniq_jessica,
          uniq_terence

Skill      XL: |  1  2 |
---------------+-------+-----
Conjurations   | 2 |  2.6
Dodging        | |  1.5
Stealth        | |  3.0
Spellcasting   | |  3.8
Summonings     | |  1.0
Translocations | |  1.0

Action                   || total
-------------------------++-------
Melee: Unarmed           ||     1
 Cast: Magic Dart        ||    50
 Abil: Spit Poison       ||    14
Armor: Robe              ||     2
Dodge: Dodged            ||    13

Table legend:
 A = Non-vault XP
 B = Vault XP
 C = Vault XP percentage of total XP
 D = Non-vault monster count
 E = Vault monster count
 F = Vault count percentage of total count
                 A         B        C        D         E       F
            +---------+---------+-------+---------+---------+-------
      Total |      35 |      46 |  56.8 |      11 |       6 |  35.3
            +---------+---------+-------+---------+---------+-------
        D:1 |      19 |       4 |  17.4 |       9 |       2 |  18.2
        D:2 |      16 |      42 |  72.4 |       2 |       4 |  66.7
            +---------+---------+-------+---------+---------+-------
